 Dungeon Crawl Stone Soup version 0.30.0-20-g3615ddf2f0 (webtiles) character file.

Game seed: 5060104965787407150

964 qw the Chopper (level 8, -10/49 HPs)
             Began as a Gargoyle Fighter on May 31, 2023.
             Mangled by a two-headed ogre
             ... wielding a +0 giant spiked club
              (11 damage)
             ... on level 5 of the Dungeon.
             The game lasted 00:01:45 (4701 turns).

qw the Chopper (Gargoyle Fighter)                   Turns: 4701, Time: 00:01:45

Health: -10/49     AC: 12    Str: 22    XL:     8   Next: 15%
Magic:  8/8        EV: 10    Int:  9    God:
Gold:   191        SH:  4    Dex:  9    Spells: 7/7 levels left

rFire   . . .        Y - +2 war axe
rCold   . . .        c - +0 buckler
rNeg    + . .        b - +0 scale mail
rPois   inf          (no helmet)
rElec   +            (no cloak)
rCorr   .            (no gloves)
SInv    +            (no boots)
Will    .....        h - amulet of the acrobat Stlth
                     i - ring of see invisible
HPRegen 0.28/turn    (no ring)
MPRegen 0.11/turn

%: acrobat
@: no status effects
A: sickness immunity, AC +5, negative energy resistance 1, electricity
resistance, torment resistance 1, petrification resistance
a: no special abilities


You were on level 5 of the Dungeon.
You visited 2 branches of the dungeon, and saw 6 of its levels.

You collected 191 gold pieces.


Innate Abilities, Weirdness & Mutations

You are immune to sickness and miasma.
Your stone body is resilient. (AC +5)
You are immune to poison.
You resist negative energy. (rN+)
You are resistant to electric shocks. (rElec)
You are resistant to unholy torment.
You are immune to petrification.


   Skills:
 - Level 5.0 Fighting
 + Level 7.1 Axes
 - Level 2.1 Throwing
 - Level 3.2 Armour
 - Level 1.6 Dodging
 - Level 3.2 Shields


You had 7 spell levels left.
You didn't know any spells.
Your spell library was empty.

Inventory:

Hand Weapons
 m - a +0 flail
 Y - a +2 war axe (weapon)
Missiles
 o - 4 javelins (quivered)
Armour
 b - a +0 scale mail (worn)
 c - a +0 buckler (worn)
 n - a +0 pair of boots
Jewellery
 h - an amulet of the acrobat (around neck)
 i - a ring of see invisible (left hand)
 l - a ring of resist corrosion
Scrolls
 a - 2 scrolls of identify
 k - a scroll of enchant armour
Potions
 d - 2 potions of might
 e - a potion of lignification
 f - 7 potions of curing
 g - a potion of flight {unknown}
 j - a potion of heal wounds {unknown}
 p - a potion of magic {unknown}
 q - a potion of haste {unknown}

Dungeon Overview and Level Annotations

Branches:
Dungeon (5/15)             Temple (1/1) D:4

Altars:
Ashenzari
Cheibriados
Elyvilon
Fedhas
Kikubaaqudgha
Makhleb
Qazlal
Ru
Sif Muna
Trog
Uskayaw
Wu Jian
Xom
Zin
The Shining One

Shops:
D:3 :

Annotations:
D:3 1 runed translucent door, Crazy Yiuf


Message History

The kobold brigand is heavily wounded.
The kobold brigand barely misses you.
The kobold brigand hits you with a +0 short sword!
You closely miss the kobold brigand.
The kobold brigand is heavily wounded.
The kobold brigand barely misses you.
You hit the kobold brigand.
The kobold brigand is heavily wounded.
The kobold brigand misses you.
You closely miss the kobold brigand.
The kobold brigand is heavily wounded.
The kobold brigand hits you with a +0 short sword.
You hit the kobold brigand.
The kobold brigand is severely wounded.
You block the kobold brigand's attack.
The kobold brigand hits you with a +0 short sword.
You hit the kobold brigand.
The kobold brigand is almost dead.
The kobold brigand hits you but does no damage.
You barely miss the kobold brigand.
The kobold brigand is almost dead.
The kobold brigand hits you but does no damage.
You slash the kobold brigand!
You kill the kobold brigand!
Your Throwing skill increases to level 2!
You hit the two-headed ogre.
The two-headed ogre is lightly wounded.
You slash the two-headed ogre!
The two-headed ogre is moderately wounded.
The two-headed ogre hits you with a +0 giant spiked club!!
You block the two-headed ogre's attack.
You hit the two-headed ogre.
The two-headed ogre is heavily wounded.
The two-headed ogre completely misses you.
The two-headed ogre hits you with a +0 giant spiked club!!
You slash the two-headed ogre!
The two-headed ogre is severely wounded.
The two-headed ogre barely misses you.
The two-headed ogre hits you with a +0 giant spiked club!
You die...

#..................######
##..####.....####.......#
#..# ##...##.)#.#.....#
#..# ##.##...#.#.....##
#..## #.#...##.#......#
#...## +#.#%.##..#......#
#....###...###...........
#........8........#######
##...###@..###....# #
#..##wO#.#%.##...#
#.##..S#.#...##..#
#.#...##.##...#..#
#.#[.##...##..#..#
#.####.....####..#
#................#
######.........#
###########


You could see a two-headed ogre, an adder and a dart slug.

Vanquished Creatures
  A water moccasin (D:4)
  2 ogres (D:5)
  A kobold brigand (D:5)
  6 scorpions
  An orc priest (D:4)
  3 iguanas
  A gnoll (D:1)
  7 adders
  A white imp (D:5)
  A worm (D:3)
  4 dart slugs
  6 orcs
  6 endoplasms
  3 giant cockroaches
  7 goblins
  7 hobgoblins
  2 quokkas
  7 ball pythons
  4 bats
  3 frilled lizards
  7 kobolds
  5 rats
85 creatures vanquished.

Notes
Turn   | Place    | Note
-------+----------+-------------------------------------------
     0 | D:1      | qw the Gargoyle Fighter began the quest for the Orb.
     0 | D:1      | Reached XP level 1. HP: 14/14 MP: 1/1
     0 | D:1      | 0 ||| qw: Version: 0.2-a-102-gfc559e5
     0 | D:1      | 0 ||| qw: Game counter: 592
     0 | D:1      | 0 ||| qw: Always use a shield: true
     0 | D:1      | 0 ||| qw: God list: Okawaru
     0 | D:1      | 0 ||| qw: Allow faded altars: false
     0 | D:1      | 0 ||| qw: Do Orc after D:15 true
     0 | D:1      | 0 ||| qw: Do second Lair branch before Depths: true
     0 | D:1      | 0 ||| qw: Lair rune preference: random
     0 | D:1      | 0 ||| qw: Plans: Normal, Zot:1-4, Slime:5, God:TSO, Crypt,
                  | Tomb, Pan, Hells, Abyss, Win
     0 | D:1      | 0 ||| PLANNING D:1-11
    80 | D:1      | Reached skill level 2 in Axes
   229 | D:1      | 229 ||| Stepping ~*~*~tactically~*~*~ (hiding).
   238 | D:1      | Reached XP level 2. HP: 7/19 MP: 2/2
   436 | D:1      | 436 ||| Stepping ~*~*~tactically~*~*~ (hiding).
   437 | D:1      | 437 ||| Stepping ~*~*~tactically~*~*~ (hiding).
   448 | D:1      | 448 ||| Stepping ~*~*~tactically~*~*~ (stealth).
   456 | D:1      | Reached skill level 3 in Axes
   464 | D:1      | 464 ||| DROPPING +0 club.
   484 | D:1      | Reached XP level 3. HP: 23/23 MP: 3/3
   601 | D:1      | 601 ||| FLEEEEING.
  1057 | D:1      | 1057 ||| READING 3 scrolls labelled BUTOPN CIMNI.
  1058 | D:1      | 1058 ||| READING scroll labelled XEIFEA FIMUNYI.
  1059 | D:1      | 1059 ||| DRINKING 2 lumpy green potions.
  1060 | D:1      | 1060 ||| READING 2 scrolls of identify.
  1060 | D:1      | 1060 ||| IDENTIFYING green potion
  1061 | D:1      | 1061 ||| DROPPING potion of brilliance.
  1216 | D:2      | Reached XP level 4. HP: 28/28 MP: 4/4
  1333 | D:2      | Reached skill level 1 in Throwing
  1695 | D:2      | 1695 ||| UPGRADING to amulet of the acrobat.
  1700 | D:2      | 1700 ||| READING scroll labelled GAXKUI LAYFRAU.
  1701 | D:2      | 1701 ||| READING scroll labelled ISONIY VOESAIF.
  1702 | D:2      | 1702 ||| READING scroll labelled ROUPOMO CEVUNT.
  1703 | D:2      | 1703 ||| READING scroll labelled RUOSHI YCEITU.
  1704 | D:2      | 1704 ||| READING 2 scrolls of identify.
  1704 | D:2      | 1704 ||| IDENTIFYING fuming orange potion
  1842 | D:3      | Found a bloodstained altar of Trog.
  1924 | D:3      | Found Lounisiz's Book Emporium.
  1943 | D:3      | 1943 ||| DROPPING +0 whip.
  1953 | D:3      | Reached skill level 4 in Axes
  2205 | D:3      | 2205 ||| Stepping ~*~*~tactically~*~*~ (hiding).
  2206 | D:3      | 2206 ||| Stepping ~*~*~tactically~*~*~ (hiding).
  2370 | D:3      | Found a runed translucent door.
  2371 | D:3      | Noticed Crazy Yiuf
  2521 | D:3      | 2521 ||| UPGRADING to ring of see invisible.
  2522 | D:3      | 2522 ||| READING scroll labelled QUCREUM KUEROE.
  2523 | D:3      | 2523 ||| READING scroll labelled FEAXKO AGOUPO.
  2524 | D:3      | 2524 ||| READING scroll labelled XESAUTHEXU.
  2525 | D:3      | 2525 ||| READING scroll labelled HEOSEA AFIL.
  2526 | D:3      | 2526 ||| READING scroll labelled QIEFFA DIHASTO.
  2753 | D:4      | Found a staircase to the Ecumenical Temple.
  2755 | D:4      | 2755 ||| PLANNING TEMPLE
  2755 | D:4      | 2755 ||| READING scroll labelled GOVUIR AHUC.
  2782 | D:4      | 2782 ||| Stepping ~*~*~tactically~*~*~ (hiding).
  2859 | Temple   | Entered the Ecumenical Temple
  2914 | Temple   | 2914 ||| PLANNING D:1-11
  2953 | D:4      | Reached XP level 5. HP: 31/32 MP: 5/5
  3313 | D:4      | Noticed a water moccasin
  3317 | D:4      | Killed a water moccasin
  3318 | D:4      | Reached skill level 5 in Axes
  3318 | D:4      | Reached XP level 6. HP: 30/37 MP: 6/6
  3652 | D:4      | 3652 ||| READING scroll labelled ZIHAEGGYUM.
  3771 | D:5      | Entered Level 5 of the Dungeon
  3776 | D:5      | 3776 ||| STAIRDANCE
  3785 | D:4      | HP: 6/38 [scorpion (5)]
  3788 | D:4      | Reached skill level 1 in Dodging
  3987 | D:5      | 3987 ||| Stepping ~*~*~tactically~*~*~ (stealth).
  3989 | D:5      | 3989 ||| Stepping ~*~*~tactically~*~*~ (hiding).
  3991 | D:5      | 3991 ||| Stepping ~*~*~tactically~*~*~ (hiding).
  4043 | D:5      | Reached skill level 6 in Axes
  4043 | D:5      | Reached XP level 7. HP: 16/43 MP: 7/7
  4200 | D:5      | 4200 ||| READING scroll of enchant weapon.
  4200 | D:5      | 4200 ||| ENCHANTING +1 war axe.
  4614 | D:5      | Reached skill level 7 in Axes
  4647 | D:5      | Reached XP level 8. HP: 41/49 MP: 8/8
  4685 | D:5      | Noticed a two-headed ogre
  4700 | D:5      | HP: 1/49 [two-headed ogre/+0 giant spiked club (19)]
  4701 | D:5      | Mangled by a two-headed ogre

Levels and vault maps discovered:
D:1:      evilmike_arrival_rings, layout_basic, palyth_stone_intersect,
          minmay_stone_trees_medium, minivault_23
D:2:      layout_loops_ring
D:3:      layout_loops_ring, lemuel_doored_altar, serial_shops,
          nicolae_square_shop, guppyfry_early_lair_pool, uniq_crazy_yiuf_cottage
D:4:      layout_basic, minmay_temple_entry_grid
D:5:      cheibrodos_barr_body, layout_basic, minivault_27, grunt_ministairs_2
Temple:   zaba_magenta_temple

Skill      XL: |  1  2  3  4  5  6  7  8 |
---------------+-------------------------+-----
Axes           | 2 3 4 5 6 7 |  7.1
Throwing       | 1 2 |  2.1
Fighting       | 4 5 |  5.0
Dodging        | 1 |  1.6
Armour         | |  3.2
Shields        | |  3.2

Action                     |  1- 3 |  4- 6 |  7- 9 || total
---------------------------+-------+-------+-------++-------
  Melee: War axe           |    87 |    82 |    60 ||   229
  Throw: Javelin           |     1 |    36 |     5 ||    42
    Use: Scroll            |     3 |    12 |     1 ||    16
         Potion            |     1 |       |       ||     1
 Armour: Scale mail        |    39 |    29 |    18 ||    86
  Dodge: Dodged            |    34 |    51 |    28 ||   113
  Block: Buckler           |    15 |    13 |     8 ||    36

Table legend:
 A = Non-vault XP
 B = Vault XP
 C = Vault XP percentage of total XP
 D = Non-vault monster count
 E = Vault monster count
 F = Vault count percentage of total count
                 A         B        C        D         E       F
            +---------+---------+-------+---------+---------+-------
      Total |     888 |     490 |  35.6 |      77 |       8 |   9.4
            +---------+---------+-------+---------+---------+-------
        D:1 |      51 |       0 |   0.0 |      24 |       0 |   0.0
        D:2 |      62 |       0 |   0.0 |      17 |       0 |   0.0
        D:3 |      40 |       0 |   0.0 |      13 |       0 |   0.0
        D:4 |     273 |      79 |  22.4 |      15 |       1 |   6.2
        D:5 |     462 |     411 |  47.1 |       8 |       7 |  46.7
            +---------+---------+-------+---------+---------+-------
